 Dungeon Crawl Stone Soup version 0.23-a0-650-ga4d50d4 (webtiles) character file.

7872 GroovyGamera the Fighter (level 11, -20/73 HPs)
             Began as a Gargoyle Fighter on Jan 2, 2019.
             Was a Priest of Makhleb.
             Killed from afar by Erica (28 damage)
             ... with an orb of energy
             ... on level 10 of the Dungeon.
             The game lasted 00:24:50 (8600 turns).

GroovyGamera the Fighter (Gargoyle Fighter)         Turns: 8600, Time: 00:24:50

Health: -20/73     AC: 24    Str: 21    XL:     11   Next: 22%
Magic:  18/18      EV:  6    Int: 13    God:    Makhleb [***...]
Gold:   504        SH: 10    Dex: 11    Spells: 10/10 levels left

rFire    + . .     SeeInvis .   K - +4 hand axe "Aroox" {freeze, Str+2 Dex+2}
rCold    + . .     Gourm    .   c - +0 shield
rNeg     + . .     Faith    .   B - +0 chain mail
rPois    ∞         Spirit   .   j - +2 helmet
rElec    +         Reflect  .   v - +0 cloak
rCorr    .         Harm     .   x - +0 pair of gloves
MR       .....                  (no boots)
Stlth    ..........             (no amulet)
HPRegen  0.22/turn              h - ring of protection from fire
MPRegen  0.16/turn              E - ring of protection from cold

@: slowed, very slow
A: negative energy resistance 1, electricity resistance, unbreathing,
petrification resistance, rot immunity, AC +8
a: Minor Destruction, Lesser Servant of Makhleb, Renounce Religion


You were on level 10 of the Dungeon.
You worshipped Makhleb.
Makhleb was most pleased with you.
You were not hungry.

You visited 1 branch of the dungeon, and saw 10 of its levels.

You collected 504 gold pieces.

Inventory:

Hand Weapons
 a - a +2 hand axe of flaming
 y - a +1 flail of crushing
 K - the +4 hand axe "Aroox" (weapon) {freeze, Str+2 Dex+2}
   (You found it on level 7 of the Dungeon)

   It has been specially enchanted to freeze those struck by it, causing extra
   injury to most foes and up to half again as much damage against particularly
   susceptible opponents.
   It can also slow down cold-blooded creatures.
   It affects your strength (+2).
   It affects your dexterity (+2).
Missiles
 z - 41 bolts
 I - 4 throwing nets (quivered)
Armour
 c - a +0 shield (worn)
 j - a +2 helmet (worn)
 q - a +1 hat
 v - a +0 cloak (worn)
 x - a +0 pair of gloves (worn)
 B - a +0 chain mail (worn)
Jewellery
 h - a ring of protection from fire (left hand)
 t - an uncursed ring of positive energy
 E - a ring of protection from cold (right hand)
 F - an uncursed ring of ice
Wands
 e - a wand of clouds (5)
Scrolls
 g - 2 scrolls of remove curse {unknown}
 m - a scroll of immolation {unknown}
 n - a scroll of fog {unknown}
 p - 2 scrolls of blinking {unknown}
 r - 2 scrolls of magic mapping {unknown}
 s - 8 scrolls of teleportation
 u - a scroll of enchant armour {unknown}
 w - a scroll of enchant weapon {unknown}
 G - a scroll of fear {unknown}
 L - a scroll of acquirement {unknown}
Potions
 d - a potion of might
 i - 2 potions of resistance
 k - 3 potions of invisibility
 l - 2 potions of agility
 o - 3 potions of brilliance
 A - 3 potions of flight
 D - a potion of berserk rage
 H - 3 potions of lignification
 J - 3 potions of curing
Miscellaneous
 b - a phial of floods
Comestibles
 f - 23 rations
 C - 2 chunks of flesh


   Skills:
 + Level 10.7 Fighting
 + Level 7.2 Axes
 - Level 7.1 Armour
 - Level 7.0 Shields
 + Level 9.7 Invocations


You had 10 spell levels left.
You didn't know any spells.
Your spell library was empty.

Dungeon Overview and Level Annotations

Branches:
Dungeon (10/15)            Temple (0/1) D:5             Orc (0/2) D:9
   Lair: D:8-11

Altars:
Cheibriados
Dithmenos
Elyvilon
Gozag
Hepliaklqana
Makhleb
Nemelex Xobeh
Qazlal
Ru
Sif Muna
Vehumet
Wu Jian
The Shining One

Shops:
D:5 }

Annotations:
D:10 Erica


Innate Abilities, Weirdness & Mutations

You are resistant to torment.
Your stone body is resilient. (AC +8)
You are immune to poison.
You resist negative energy. (rN+)
You are resistant to electric shocks. (rElec)
You can survive without breathing.
You are immune to petrification.
You are immune to rotting.


Message History

You hear some strange, mumbled words.
An orb of energy appears from out of thin air!
The orb of energy hits you!
* * * LOW HITPOINT WARNING * * *
The orb of energy explodes!
Something hits you but does no damage.
You miss something. Something hits you but does no damage.
Something completely misses you.
A demon appears!
Something hits you but does no damage. Something hits you.
* * * LOW HITPOINT WARNING * * *
Your hellwing barely misses something.
Your hellwing closely misses something.
Something hits you but does no damage.
You hear some strange, mumbled words.
An orb of energy appears from out of thin air!
The orb of energy hits you!
The orb of energy explodes!
Your hellwing closely misses something.
Your hellwing barely misses something.
There is an open door here.
You hear some strange, mumbled words.
An orb of energy appears from out of thin air!
The orb of energy hits you!
You die...

#......# #......# .
#......# ..
#......#####+#...
#...............#
#..#.....#......#
#..#.....<......#
#........@.......
#.....##'##########
#.#...#...4........
#.....#............
#.....#.###########
#....##. #.##.#..
#.##.#.. #....#..


There were no monsters in sight!

Vanquished Creatures
  Harold (D:9)
  A hydra (D:8)
  A troll (D:9)
  2 dream sheep (D:8)
  Sigmund (D:4)
  Eustachio (D:6)
  7 yaks
  Duvessa (D:5)
  A water moccasin (D:9)
  An ice beast (D:7)
  2 phantoms
  2 ogres
  2 centaurs
  7 big kobolds
  5 bullfrogs
  Dowan (D:5)
  A water moccasin skeleton (D:8)
  3 killer bees (D:9)
  A bullfrog zombie (D:3)
  5 crimson imps
  2 hounds
  A quasit (D:7)
  A jelly (D:7)
  A centaur skeleton (D:6)
  4 orc priests
  4 iguanas
  11 orc wizards
  5 worker ants
  A hound zombie (D:6)
  2 hound skeletons
  4 gnolls
  12 adders
  4 shadow imps
  2 oozes
  2 adder zombies
  3 adder skeletons
  3 worms
  2 dart slugs
  7 leopard geckos
  35 orcs
  2 giant cockroaches
  A hobgoblin (D:2)
  23 jackals
  6 quokkas
  6 bats
  4 frilled lizards
  8 goblins
  24 kobolds
  2 quokka skeletons (D:6)
  5 rats
233 creatures vanquished.

Vanquished Creatures (collateral kills)
  2 two-headed ogres (D:10)
  A vampire (D:10)
  A hungry ghost (D:10)
  An ogre (D:10)
  A jelly (D:10)
6 creatures vanquished.

Vanquished Creatures (others)
  Fannar (D:10)
1 creature vanquished.

Grand Total: 240 creatures vanquished

Notes
Turn   | Place    | Note
-------+----------+-------------------------------------------
     0 | D:1      | GroovyGamera the Gargoyle Fighter began the quest for the
                  | Orb.
     0 | D:1      | Reached XP level 1. HP: 14/14 MP: 1/1
   237 | D:1      | Reached XP level 2. HP: 19/19 MP: 2/2
   666 | D:2      | Reached XP level 3. HP: 22/24 MP: 3/3
   719 | D:2      | Found a snail-covered altar of Cheibriados.
   787 | D:2      | Reached skill level 4 in Fighting
  1003 | D:2      | Reached XP level 4. HP: 29/29 MP: 4/4
  1651 | D:3      | Reached XP level 5. HP: 34/34 MP: 5/5
  1690 | D:3      | Found a radiant altar of Vehumet.
  1691 | D:3      | Found a burning altar of Makhleb.
  1704 | D:3      | Became a worshipper of Makhleb the Destroyer
  1866 | D:3      | Reached skill level 1 in Invocations
  1866 | D:3      | Reached XP level 6. HP: 33/40 MP: 6/6
  2235 | D:3      | Found a deep blue altar of Sif Muna.
  2329 | D:4      | Reached skill level 5 in Fighting
  2329 | D:4      | Reached skill level 5 in Armour
  2374 | D:4      | Reached skill level 5 in Shields
  2467 | D:4      | Reached * piety under Makhleb
  2505 | D:4      | Found a sacrificial altar of Ru.
  2557 | D:4      | Noticed Sigmund
  2574 | D:4      | Killed Sigmund
  2574 | D:4      | Reached XP level 7. HP: 44/44 MP: 8/8
  2968 | D:4      | Found a glowing golden altar of the Shining One.
  3050 | D:5      | Entered Level 5 of the Dungeon
  3050 | D:5      | Noticed Duvessa
  3050 | D:5      | Noticed Dowan
  3286 | D:5      | Found Ocell's Gadget Emporium.
  3381 | D:5      | Reached skill level 6 in Fighting
  3419 | D:5      | Reached XP level 8. HP: 45/51 MP: 10/10
  3536 | D:5      | Found a staircase to the Ecumenical Temple.
  3921 | D:5      | Killed Duvessa
  3958 | D:5      | Killed Dowan
  4195 | D:5      | Found an ornate altar of the Wu Jian Council.
  4214 | D:5      | You fall through a shaft for 3 floors!
  4486 | D:8      | Found a sparkling altar of Nemelex Xobeh.
  4818 | D:6      | Found a white marble altar of Elyvilon.
  4818 | D:6      | Found a hazy altar of Hepliaklqana.
  4965 | D:6      | Reached skill level 7 in Fighting
  4966 | D:6      | Reached skill level 5 in Invocations
  5114 | D:5      | Found a shadowy altar of Dithmenos.
  5377 | D:6      | Reached XP level 9. HP: 56/57 MP: 12/12
  5402 | D:6      | Reached ** piety under Makhleb
  5414 | D:6      | Noticed Eustachio
  5450 | D:6      | Killed Eustachio
  5831 | D:7      | Got a dazzling hand axe
  5832 | D:7      | Identified the +4 hand axe "Aroox" {freeze, Str+2 Dex+2}
                  | (You found it on level 7 of the Dungeon)
  6087 | D:7      | Found a shadowy altar of Dithmenos.
  6188 | D:7      | Reached *** piety under Makhleb
  6700 | D:8      | Reached skill level 8 in Fighting
  6734 | D:8      | Noticed a two-headed hydra
  6738 | D:8      | Killed a one-headed hydra
  6738 | D:8      | Reached skill level 9 in Fighting
  6738 | D:8      | Reached skill level 5 in Axes
  6738 | D:8      | Reached XP level 10. HP: 56/66 MP: 15/15
  7444 | D:9      | Found an opulent altar of Gozag.
  7556 | D:9      | Found a staircase to the Orcish Mines.
  7630 | D:9      | Reached **** piety under Makhleb
  7930 | D:9      | Noticed Harold
  7962 | D:9      | Killed Harold
  7962 | D:9      | Reached skill level 10 in Fighting
  7995 | D:10     | Entered Level 10 of the Dungeon
  8038 | D:10     | Noticed a two-headed ogre
  8055 | D:10     | Killed a two-headed ogre
  8055 | D:10     | Reached XP level 11. HP: 48/73 MP: 17/17
  8146 | D:10     | Found a stormy altar of Qazlal.
  8198 | D:10     | Noticed a two-headed ogre
  8206 | D:10     | Killed a two-headed ogre
  8278 | D:10     | Noticed Fannar
  8298 | D:10     | Killed Fannar
  8575 | D:10     | Noticed Erica
  8600 | D:10     | Killed from afar by Erica

Vault maps used:
D:1:      dpeg_arrival_tiny_f
D:2:      kennysheep_slug_shrine, corner_web_ring
D:3:      grunt_temple_overflow_lords_of_destruction, tgw_sif
D:4:      hangedman_ru_absence, kennysheep_mini, first_ration, uniq_sigmund
D:5:      overflow_temple_1_default, minmay_temple_entry_from_below_a,
          basic_altar, serial_shops, shop, uniq_duvessa
D:6:      gammafunk_temple_overflow_pools, uniq_eustachio
D:7:      lemuel_crystal_altar
D:8:      overflow_temple_1_default, hangedman_ranch
D:9:      grunt_gozag_breadcrumbs, orc_0_dummy, uniq_harold
D:10:     grunt_qazlal_clouds, uniq_erica, uniq_fannar

Skill      XL: |  1  2  3  4  5  6  7  8  9 10 11 |
---------------+----------------------------------+-----
Fighting       | 4 5 6 7 9 10 | 10.7
Armour         | 4 5 6 7 |  7.1
Shields        | 4 5 6 7 |  7.0
Invocations    | 1 2 3 5 7 9 |  9.7
Axes           | 5 6 7 |  7.2

Action                   |  1- 3 |  4- 6 |  7- 9 | 10-12 || total
-------------------------+-------+-------+-------+-------++-------
Melee: War axe           |   115 |   155 |   390 |       ||   660
       Hand axe          |       |       |   123 |   279 ||   402
       Flail             |       |       |    50 |       ||    50
Throw: Tomahawk          |       |       |    11 |     3 ||    14
Invok: Lesser Servant of |       |       |       |     5 ||     5
  Use: Scroll            |       |     1 |     7 |       ||     8
       Potion            |       |     1 |     3 |       ||     4
  Eat: Chunk             |     1 |     5 |    14 |     7 ||    27
Armor: Scale mail        |    82 |    96 |    19 |       ||   197
       Chain mail        |       |       |   479 |   171 ||   650
Dodge: Dodged            |    46 |    44 |   180 |    67 ||   337
Block: Shield            |    66 |    58 |   417 |   152 ||   693

Table legend:
 A = Non-vault XP
 B = Vault XP
 C = Vault XP percentage of total XP
 D = Non-vault monster count
 E = Vault monster count
 F = Vault count percentage of total count
                 A         B        C        D         E       F
            +---------+---------+-------+---------+---------+-------
      Total |    6710 |    4537 |  40.3 |     224 |      16 |   6.7
            +---------+---------+-------+---------+---------+-------
        D:1 |      55 |       0 |   0.0 |      19 |       0 |   0.0
        D:2 |     104 |       4 |   3.7 |      19 |       1 |   5.0
        D:3 |     142 |      48 |  25.3 |      19 |       1 |   5.0
        D:4 |     440 |     227 |  34.0 |      26 |       1 |   3.7
        D:5 |     260 |     220 |  45.8 |      12 |       2 |  14.3
        D:6 |     539 |     211 |  28.1 |      27 |       1 |   3.6
        D:7 |     820 |       0 |   0.0 |      33 |       0 |   0.0
        D:8 |     560 |    2097 |  78.9 |      27 |       8 |  22.9
        D:9 |    2238 |    1002 |  30.9 |      28 |       1 |   3.4
       D:10 |    1552 |     728 |  31.9 |      14 |       1 |   6.7
            +---------+---------+-------+---------+---------+-------
